 Dungeon Crawl Stone Soup version 0.21-a0-221-gfe971b9 (webtiles) character file.

8 Moloch the Skirmisher (level 2, 16/24 HPs)
             Began as a Demonspawn Fighter on Aug 26, 2017.
             Quit the game on level 1 of the Dungeon.
             The game lasted 00:00:21 (353 turns).

Moloch the Skirmisher (Demonspawn Fighter)           Turns: 353, Time: 00:00:21

Health: 16/24      AC:  7    Str: 16    XL:     2   Next: 0%
Magic:  2/2        EV:  6    Int:  9    God:
Gold:   34         SH:  8    Dex: 12    Spells: 1/1 levels left

rFire    . . .     SeeInvis .   a - +0 war axe
rCold    . . .     Gourm    .   c - +0 shield
rNeg     . . .     Faith    .   b - +0 scale mail
rPois    .         Spirit   .   (no helmet)
rElec    .         Reflect  .   (no cloak)
rCorr    .         Harm     .   (no gloves)
MR       .....                  (no boots)
Stlth    ..........             (no amulet)
HPRegen  0.08/turn              (no ring)
MPRegen  0.08/turn              (no ring)

@: no status effects
A: rugged brown scales 1
a: no special abilities


You were on level 1 of the Dungeon.
You were not hungry.

You visited 1 branch of the dungeon, and saw 1 of its levels.

You collected 34 gold pieces.

Inventory:

Hand Weapons
 a - a +0 war axe (weapon)
Armour
 b - a +0 scale mail (worn)
 c - a +0 shield (worn)
Scrolls
 e - a scroll of enchant weapon {unknown}
 h - a scroll of remove curse {unknown}
 i - a scroll of noise {unknown}
 j - a scroll of immolation {unknown}
Potions
 d - a potion of might
 g - a potion of flight {unknown}
 k - a potion of lignification {unknown}
Comestibles
 f - 2 bread rations


   Skills:
 - Level 3.0 Fighting
 + Level 2.4 Axes
 - Level 2.6 Armour
 - Level 2.6 Shields


You had one spell level left.
You didn't know any spells.

Dungeon Overview and Level Annotations

Branches:
Dungeon (1/15)

Altars:


Innate Abilities, Weirdness & Mutations

You are partially covered in rugged brown scales. (AC +1, +3% HP)


Message History

There is an open door here.
A rat comes into view.
A rat is nearby!
A rat is nearby!
A rat is nearby!
Found a royal jelly.
The rat bites you.
Found 11 bolts.
You closely miss the rat. The rat bites you but does no damage.
You barely miss the rat. You block the rat's attack.
The rat bites you but does no damage.
You closely miss the rat. You block the rat's attack.
You closely miss the rat. You block the rat's attack. The rat bites you.
You closely miss the rat. You block the rat's attack.
You slash the rat!
You kill the rat!
You have reached level 2!
Your demonic ancestry asserts itself...
Rugged brown scales grow over part of your body.
Are you sure you want to abandon this character and quit the game? (Confirm with "yes".)

.#.#.#######
.'............ ...(..
.#.#.#######.# #....#
.#.#.#######.#.#....#
##.#...(.......#%...#
##.....#####.###....#
.......# #.# #....#
.......#####.# #.†..#
..........##'###@...#
..#######...........#
..# #.................
###
###'#........#......
#..##........#......
###'#+#........#######
#<..#..........#
###+#'#........#
#..##........#


There were no monsters in sight!

Vanquished Creatures
  2 bats (D:1)
  A goblin (D:1)
  2 hobgoblins (D:1)
  A frilled lizard (D:1)
  2 rats (D:1)
8 creatures vanquished.

Notes
Turn   | Place    | Note
-------+----------+-------------------------------------------
     0 | D:1      | Moloch the Demonspawn Fighter began the quest for the Orb.
     0 | D:1      | Reached XP level 1. HP: 18/18 MP: 1/1
   352 | D:1      | Gained mutation: You are partially covered in rugged brown scales. (AC +1, +3% HP) [demonic ancestry]
   352 | D:1      | Reached XP level 2. HP: 16/24 MP: 2/2
   353 | D:1      | Quit the game

Vault maps used:
D:1:      erik_arrival_triangle_small

Skill      XL: |  1 |
---------------+----+-----
Axes           | 2 |  2.4
Fighting       | |  3.0
Armour         | |  2.6
Shields        | |  2.6

Action                   || total
-------------------------++-------
Melee: War axe           ||    25
Armor: Scale mail        ||    13
Dodge: Dodged            ||     3
Block: Shield            ||    12

Table legend:
 A = Spawn XP
 B = Non-spawn XP
 C = Spawn XP percentage of total XP
 D = Spawn monster count
 E = Non-spawn monster count
 F = Spawn count percentage of total count
 G = Total turns spent on level
                    A         B        C        D         E        F      G
               +---------+---------+-------+---------+---------+-------+---------
         Total |       0 |      12 |   0.0 |       0 |       8 |   0.0 |   353
               +---------+---------+-------+---------+---------+-------+---------
           D:1 |       0 |      12 |   0.0 |       0 |       8 |   0.0 |   353
               +---------+---------+-------+---------+---------+-------+---------
